TOP OF THE 1ST |
Irving Blue Sox batting - Pitching for Belvedere Park Rawhides : RHP Ricardo Rodríguez
|
Pitching: RHP Ricardo Rodríguez
|
|
Batting: RHB Rafael Delgado
|
0-0: Ball 1-0: Ball 2-0: Called Strike 2-1: Ball 3-1: Ground out 6-3 (Groundball, 6)
|
Batting: RHB Justin Bingham
|
0-0: Called Strike 0-1: Ball 1-1: SINGLE (Line Drive, 6MD)
|
Batting: LHB Esteban Casillas
|
0-0: SINGLE (Line Drive, 4D) Justin Bingham to second
|
Batting: RHB Noah Smith
|
0-0: Ball 1-0: Foul Ball, location: 2F 1-1: Ball 2-1: Foul Ball, location: 2F 2-2: Foul Ball, location: 2F 2-2: Fly out, F8 (Flyball, 89M)
|
Batting: SHB Tom Palmer
|
0-0: Ball 1-0: Swinging Strike 1-1: Swinging Strike 1-2: SINGLE (Line Drive, 34) Justin Bingham to third Esteban Casillas to second
|
Batting: RHB Jorge López
|
0-0: Called Strike 0-1: Ball 1-1: Swinging Strike 1-2: Ground out 6-3 (Groundball, 6)
|
Top of the 1st over - 0 run(s), 3 hit(s), 0 error(s), 3 left on base; Irving 0 - Belvedere Park 0 |
BOTTOM OF THE 1ST |
Belvedere Park Rawhides batting - Pitching for Irving Blue Sox : RHP Jim Unknown
|
Pitching: RHP Jim Unknown
|
|
Batting: LHB Gustavo Vázquez
|
0-0: Foul Ball, location: 2F 0-1: Ball 1-1: Foul Ball, location: 2F 1-2: Strikes out swinging
|
Batting: SHB Javier Valle
|
0-0: Ball 1-0: Reached on error, E5 (Groundball, 5)
|
Batting: RHB Domingo Calderón
|
0-0: Called Strike 0-1: Ball 1-1: Ball 2-1: Ball 3-1: Foul Ball, location: 2F 3-2: Strikes out looking
|
Batting: RHB Steve Hinkle
|
0-0: Ball 1-0: Ball 2-0: Foul Ball, location: 2F 2-1: Ball 3-1: DOUBLE (Line Drive, 5D) Javier Valle to third
|
Batting: LHB Willie Brown
|
0-0: Ball 1-0: Ground out 6-3 (Groundball, 6MS)
|
Bottom of the 1st over - 0 run(s), 1 hit(s), 1 error(s), 2 left on base; Irving 0 - Belvedere Park 0 |
TOP OF THE 2ND |
Irving Blue Sox batting - Pitching for Belvedere Park Rawhides : RHP Ricardo Rodríguez
|
Batting: RHB Alfredo Chávez
|
0-0: Ball 1-0: Hit by Pitch
|
Batting: LHB Jim Unknown
|
0-0: Ball 1-0: Ball 2-0: Fielders Choice at 2nd, 1-4 (Groundball, 15S)
|
Batting: RHB Jim Unknown
|
0-0: Called Strike 0-1: Ground out 5-3 (Groundball, 56S) Jim Unknown to second
|
Batting: RHB Rafael Delgado
|
0-0: Ball 1-0: Called Strike 1-1: Swinging Strike 1-2: Foul Ball, location: 2F 1-2: Ball 2-2: Ball 3-2: SINGLE (Groundball, 6MD) Jim Unknown to third Jim Unknown scores
|
Batting: RHB Justin Bingham
|
0-0: Ball Rafael Delgado steals 2nd base 1-0: Swinging Strike 1-1: Ball 2-1: Fly out, F7 (Flyball, 7M)
|
Top of the 2nd over - 1 run(s), 1 hit(s), 0 error(s), 1 left on base; Irving 1 - Belvedere Park 0 |
BOTTOM OF THE 2ND |
Belvedere Park Rawhides batting - Pitching for Irving Blue Sox : RHP Jim Unknown
|
Batting: RHB Jim Burch
|
0-0: Ball 1-0: Called Strike 1-1: Swinging Strike 1-2: Fly out, F6 (Line Drive, 6)
|
Batting: SHB Ryan Cook
|
0-0: Swinging Strike 0-1: Swinging Strike 0-2: Ball 1-2: Strikes out swinging
|
Batting: RHB Marshall Lamar
|
0-0: Ball 1-0: Ball 2-0: Ball 3-0: Called Strike 3-1: Ground out 5-3 (Groundball, 5L)
|
Bottom of the 2nd over - 0 run(s), 0 hit(s), 0 error(s), 0 left on base; Irving 1 - Belvedere Park 0 |
TOP OF THE 3RD |
Irving Blue Sox batting - Pitching for Belvedere Park Rawhides : RHP Ricardo Rodríguez
|
Batting: LHB Esteban Casillas
|
0-0: Called Strike 0-1: Ball 1-1: Called Strike 1-2: Strikes out swinging
|
Batting: RHB Noah Smith
|
0-0: Called Strike 0-1: Swinging Strike 0-2: Fly out, F7 (Line Drive, 78M)
|
Batting: SHB Tom Palmer
|
0-0: Ball 1-0: Called Strike 1-1: Ball 2-1: Foul Ball, location: 2F 2-2: Fly out, F9 (Popup, 3D)
|
Top of the 3rd over - 0 run(s), 0 hit(s), 0 error(s), 0 left on base; Irving 1 - Belvedere Park 0 |
BOTTOM OF THE 3RD |
Belvedere Park Rawhides batting - Pitching for Irving Blue Sox : RHP Jim Unknown
|
Batting: SHB Juan Barbán
|
0-0: Fly out, F7 (Flyball, 7LSF)
|
Batting: LHB Gustavo Vázquez
|
0-0: Foul Ball, location: 2F 0-1: Ball 1-1: Called Strike 1-2: Fly out, F9 (Flyball, 89M)
|
Batting: SHB Javier Valle
|
0-0: Called Strike 0-1: Swinging Strike 0-2: Strikes out looking
|
Bottom of the 3rd over - 0 run(s), 0 hit(s), 0 error(s), 0 left on base; Irving 1 - Belvedere Park 0 |
TOP OF THE 4TH |
Irving Blue Sox batting - Pitching for Belvedere Park Rawhides : RHP Ricardo Rodríguez
|
Batting: RHB Jorge López
|
0-0: Called Strike 0-1: Called Strike 0-2: Ground out 5-3 (Groundball, 5)
|
Batting: RHB Alfredo Chávez
|
0-0: Called Strike 0-1: SINGLE (Line Drive, 6M)
|
Batting: LHB Jim Unknown
|
0-0: Swinging Strike 0-1: SINGLE (Groundball, 4MD) Alfredo Chávez to second
|
Batting: RHB Jim Unknown
|
0-0: Ground out 4-3 (Groundball, 4M) Alfredo Chávez to third Jim Unknown to second
|
Batting: RHB Rafael Delgado
|
0-0: Ball 1-0: Called Strike 1-1: Ball 2-1: Ball 3-1: Ground out 4-3 (Groundball, 4)
|
Top of the 4th over - 0 run(s), 2 hit(s), 0 error(s), 2 left on base; Irving 1 - Belvedere Park 0 |
BOTTOM OF THE 4TH |
Belvedere Park Rawhides batting - Pitching for Irving Blue Sox : RHP Jim Unknown
|
Batting: RHB Domingo Calderón
|
0-0: Foul Ball, location: 2F 0-1: Foul Ball, location: 2F 0-2: Ball 1-2: Ball 2-2: Foul Ball, location: 2F 2-2: Fly out, F9 (Flyball, 9M)
|
Batting: RHB Steve Hinkle
|
0-0: Called Strike 0-1: Ball 1-1: Foul Ball, location: 2F 1-2: Strikes out swinging
|
Batting: LHB Willie Brown
|
0-0: Ball 1-0: Ball 2-0: Called Strike 2-1: Ball 3-1: Foul Ball, location: 2F 3-2: Base on Balls
|
Batting: RHB Jim Burch
|
0-0: Ball 1-0: Called Strike 1-1: Called Strike 1-2: Ball 2-2: DOUBLE (Line Drive, 8RD) Willie Brown to third
|
Batting: SHB Ryan Cook
|
0-0: Ball 1-0: Foul Ball, location: 2F 1-1: Foul Ball, location: 2F 1-2: Ball 2-2: Ball 3-2: SINGLE (Groundball, 34) Willie Brown scores Jim Burch to third Jim Burch scores
|
Batting: RHB Marshall Lamar
|
0-0: Swinging Strike 0-1: Ball 1-1: Foul Ball, location: 2F 1-2: Strikes out looking
|
Bottom of the 4th over - 2 run(s), 2 hit(s), 0 error(s), 1 left on base; Irving 1 - Belvedere Park 2 |
TOP OF THE 5TH |
Irving Blue Sox batting - Pitching for Belvedere Park Rawhides : RHP Ricardo Rodríguez
|
Batting: RHB Justin Bingham
|
0-0: Foul Ball, location: 2F 0-1: Ball 1-1: Ground out 6-3 (Groundball, 6M)
|
Batting: LHB Esteban Casillas
|
0-0: Called Strike 0-1: DOUBLE (Line Drive, 5L)
|
Batting: RHB Noah Smith
|
0-0: Called Strike 0-1: Swinging Strike 0-2: Ball 1-2: Ball 2-2: Ball 3-2: Base on Balls
|
Batting: SHB Tom Palmer
|
0-0: Ball 1-0: Foul Ball, location: 2F 1-1: Ball 2-1: Foul Ball, location: 2F 2-2: Ball 3-2: Foul Ball, location: 2F 3-2: Base on Balls Esteban Casillas to third Noah Smith to second
|
Batting: RHB Jorge López
|
0-0: Ball 1-0: Ball 2-0: Ball 3-0: Base on Balls Esteban Casillas scores Noah Smith to third Tom Palmer to second
|
Batting: RHB Alfredo Chávez
|
0-0: Called Strike 0-1: Ball 1-1: Foul Ball, location: 2F 1-2: Fly out, F7 (Line Drive, 7LD) Runner from 3rd tags up, SCORES, no throw Tom Palmer to third
|
Pitching: RHP Seishiro Sato
|
|
Batting: LHB Jim Unknown
|
0-0: Ball 1-0: Called Strike 1-1: Ball 2-1: Called Strike 2-2: Fly out, F7 (Flyball, 7S)
|
Top of the 5th over - 2 run(s), 1 hit(s), 0 error(s), 2 left on base; Irving 3 - Belvedere Park 2 |
BOTTOM OF THE 5TH |
Belvedere Park Rawhides batting - Pitching for Irving Blue Sox : RHP Jim Unknown
|
Batting: SHB Juan Barbán
|
0-0: Called Strike 0-1: Foul Ball, location: 2F 0-2: Ball 1-2: Ball 2-2: Ground out 3-1 (Groundball, 34S)
|
Batting: LHB Gustavo Vázquez
|
0-0: Ball 1-0: Ball Reached via error on a dropped throw, E3
|
Batting: SHB Javier Valle
|
0-0: Foul Ball, location: 2F 0-1: Ball 1-1: Foul Ball, location: 2F 1-2: Ground out U3 (Groundball, 3S) Gustavo Vázquez to second
|
Batting: RHB Domingo Calderón
|
0-0: Ball 1-0: Called Strike 1-1: Foul Ball, location: 2F 1-2: Fly out, F8 (Flyball, 8RM)
|
Bottom of the 5th over - 0 run(s), 0 hit(s), 1 error(s), 1 left on base; Irving 3 - Belvedere Park 2 |
TOP OF THE 6TH |
Irving Blue Sox batting - Pitching for Belvedere Park Rawhides : RHP Seishiro Sato
|
Batting: RHB Jim Unknown
|
0-0: Ball 1-0: Called Strike 1-1: Ball 2-1: Foul Ball, location: 2F 2-2: Ball 3-2: Fly out, F4 (Popup, 8RS)
|
Batting: RHB Rafael Delgado
|
0-0: Swinging Strike 0-1: Ball 1-1: Ball 2-1: Swinging Strike 2-2: Strikes out swinging
|
Batting: RHB Justin Bingham
|
0-0: Ball 1-0: Called Strike 1-1: Ball 2-1: Foul Ball, location: 2F 2-2: Ball 3-2: Base on Balls
|
Batting: LHB Esteban Casillas
|
0-0: SINGLE (Flyball, 6MD) Justin Bingham to second
|
Batting: RHB Noah Smith
|
0-0: Fly out, F8 (Flyball, 8LM)
|
Top of the 6th over - 0 run(s), 1 hit(s), 0 error(s), 2 left on base; Irving 3 - Belvedere Park 2 |
BOTTOM OF THE 6TH |
Belvedere Park Rawhides batting - Pitching for Irving Blue Sox : RHP Jim Unknown
|
Batting: RHB Steve Hinkle
|
0-0: Ball 1-0: Fly out, F9 (Flyball, 89D)
|
Batting: LHB Willie Brown
|
0-0: Ball 1-0: Ball 2-0: Called Strike 2-1: Foul Ball, location: 2F 2-2: Foul Ball, location: 2F 2-2: Ball 3-2: SINGLE (Groundball, 4MD)
|
Batting: RHB Jim Burch
|
0-0: Fielders Choice at 2nd, 1-4 (Groundball, 13S)
|
Batting: SHB Ryan Cook
|
0-0: SINGLE (Groundball, 4MD) (infield hit) Jim Burch to second
|
Batting: RHB Marshall Lamar
|
0-0: Ground out 1-3 (Groundball, 13S)
|
Bottom of the 6th over - 0 run(s), 2 hit(s), 0 error(s), 2 left on base; Irving 3 - Belvedere Park 2 |
TOP OF THE 7TH |
Irving Blue Sox batting - Pitching for Belvedere Park Rawhides : RHP Seishiro Sato
|
Batting: SHB Tom Palmer
|
0-0: Swinging Strike 0-1: Ball 1-1: Called Strike 1-2: Ball 2-2: Ball 3-2: Base on Balls
|
Batting: RHB Jorge López
|
0-0: Called Strike 0-1: Sac Bunt - play at first, batter OUT! 2-3 Tom Palmer to second
|
Batting: RHB Alfredo Chávez
|
0-0: Ball 1-0: Fly out, F7 (Flyball, 78M)
|
Batting: LHB Jim Unknown
|
0-0: Called Strike 0-1: Ground out 1-3 (Groundball, 25)
|
Top of the 7th over - 0 run(s), 0 hit(s), 0 error(s), 1 left on base; Irving 3 - Belvedere Park 2 |
BOTTOM OF THE 7TH |
Belvedere Park Rawhides batting - Pitching for Irving Blue Sox : RHP Jim Unknown
|
Batting: SHB Juan Barbán
|
0-0: Ground out 1-3 (Groundball, 15)
|
Batting: LHB Gustavo Vázquez
|
0-0: Ball 1-0: Ball 2-0: Ball 3-0: Base on Balls
|
Pinch Hitting: SHB Greg Henderson
|
0-0: Grounds into double play, 4-6-3 (Groundball, 4)
|
Bottom of the 7th over - 0 run(s), 0 hit(s), 0 error(s), 0 left on base; Irving 3 - Belvedere Park 2 |
TOP OF THE 8TH |
Irving Blue Sox batting - Pitching for Belvedere Park Rawhides : RHP Seishiro Sato
|
Now in CF: Greg Henderson
|
|
Batting: RHB Jim Unknown
|
0-0: Ball 1-0: Ball 2-0: Called Strike 2-1: Swinging Strike 2-2: Ball 3-2: Base on Balls
|
Batting: RHB Rafael Delgado
|
0-0: Sac Bunt - play at first, batter OUT! 1-4 Jim Unknown to second
|
Batting: RHB Justin Bingham
|
0-0: Called Strike 0-1: Ball 1-1: Ball 2-1: Ball 3-1: Base on Balls
|
Pitching: LHP Javier Browne
|
|
Batting: LHB Esteban Casillas
|
0-0: Ball 1-0: Ball 2-0: Called Strike 2-1: Foul Ball, location: 2F 2-2: Foul Ball, location: 2F 2-2: Strikes out swinging
|
Pinch Hitting: RHB Jim Unknown
|
0-0: Foul Ball, location: 2F 0-1: Ball 1-1: Foul Ball, location: 2F 1-2: Foul Ball, location: 2F 1-2: Strikes out looking
|
Top of the 8th over - 0 run(s), 0 hit(s), 0 error(s), 2 left on base; Irving 3 - Belvedere Park 2 |
BOTTOM OF THE 8TH |
Belvedere Park Rawhides batting - Pitching for Irving Blue Sox : RHP Jim Unknown
|
Now at 3B: Jim Unknown
|
|
Batting: RHB Domingo Calderón
|
0-0: Ball 1-0: Foul Ball, location: 2F 1-1: Fly out, F7 (Popup, 6D)
|
Pitching: RHP Jim Unknown
|
|
Batting: RHB Steve Hinkle
|
0-0: Ball 1-0: Foul Ball, location: 2F 1-1: Ball 2-1: Ball 3-1: Foul Ball, location: 2F 3-2: Strikes out looking
|
Batting: LHB Willie Brown
|
0-0: Ball 1-0: Swinging Strike 1-1: Ball 2-1: Swinging Strike 2-2: Ball 3-2: Foul Ball, location: 2F 3-2: Foul Ball, location: 2F 3-2: Foul Ball, location: 2F 3-2: Base on Balls
|
Pinch Runner at 1st César López:
|
|
Batting: RHB Jim Burch
|
0-0: Ball 1-0: Ball 2-0: Ball 3-0: Called Strike 3-1: Swinging Strike 3-2: Strikes out swinging
|
Bottom of the 8th over - 0 run(s), 0 hit(s), 0 error(s), 1 left on base; Irving 3 - Belvedere Park 2 |
TOP OF THE 9TH |
Irving Blue Sox batting - Pitching for Belvedere Park Rawhides : LHP Javier Browne
|
Pitching: RHP Jim Unknown
|
|
Batting: SHB Tom Palmer
|
0-0: Ball 1-0: Ball 2-0: Ball 3-0: Base on Balls
|
Pitching: RHP Ash Wooden
|
|
Batting: RHB Jorge López
|
0-0: Sac Bunt - play at first, batter OUT! 1-3 Tom Palmer to second
|
Batting: RHB Alfredo Chávez
|
0-0: Swinging Strike 0-1: Ball 1-1: Foul Ball, location: 2F 1-2: Strikes out swinging
|
Pinch Hitting: SHB Jim Unknown
|
0-0: Called Strike 0-1: Ball 1-1: Ball 2-1: Foul Ball, location: 2F 2-2: Strikes out swinging
|
Top of the 9th over - 0 run(s), 0 hit(s), 0 error(s), 1 left on base; Irving 3 - Belvedere Park 2 |
BOTTOM OF THE 9TH |
Belvedere Park Rawhides batting - Pitching for Irving Blue Sox : RHP Jim Unknown
|
Now at 1B: Jim Unknown
|
|
Pinch Hitting: RHB Victorino Navarro
|
0-0: Called Strike 0-1: Ball 1-1: Foul Ball, location: 2F 1-2: DOUBLE (Flyball, 89D)
|
Pinch Hitting: RHB Justin Miles
|
0-0: Ball 1-0: Ground out 4-3 (Groundball, 34S) Victorino Navarro to third
|
Batting: SHB Juan Barbán
|
0-0: Called Strike 0-1: Ball 1-1: Fly out, F3 (Popup, 2R)
|
Batting: LHB Gustavo Vázquez
|
0-0: Ball 1-0: Foul Ball, location: 2F 1-1: DOUBLE (Flyball, 8RXD) Victorino Navarro scores
|
Batting: SHB Greg Henderson
|
0-0: SINGLE (Groundball, 34D) Gustavo Vázquez to third Runner from 3rd tries for Home, SAFE, no throw or cutoff
|
|